Map: Galactic Process LE

Players

Pokebunny - Winner!

  • Race: Terran Terran
  • League: Master

KingRaze

  • Race: Terran Terran
  • League: Grandmaster

Event: Cheesadelphia Summer 2016

VOD

Have the link to the VOD?

Description

Time

  • Played on: July 24, 2016, 9:48 a.m.
  • Length: 14:36

All games in this series

Show
View Real Time Build Order
Export as new Build Order

Pokebunny Terran - Winner!

Build Orders: Reaper Expand, Bio Tank 

Get SALT Encoding   

  12  0:00  SCV  
  13  0:12  SCV  
  14  0:17  Supply Depot  
  14  0:25  SCV  
  15  0:38  SCV  
  15  0:39  Barracks  
  16  0:44  Refinery  
  16  0:51  SCV  
  17  1:03  SCV  
  18  1:15  SCV  
  19  1:28  Reaper, Orbital Command  
  20  1:42  Command Center  
  20  1:55  SCV  
  20  1:57  Supply Depot  
  20  2:00  Marine  
  22  2:07  SCV  
  23  2:10  Factory  
  23  2:18  Marine  
  23  2:20  SCV  
  25  2:23  Refinery  
  25  2:32  SCV  
  25  2:36  Marine  
  27  2:44  SCV  
  27  2:53  Orbital Command  
  27  2:54  Marine  
  27  2:56  Factory Tech Lab  
  27  2:57  Starport  
  28  2:58  SCV  
  29  3:10  SCV  
  30  3:13  Marine  
  30  3:16  Cyclone  
  30  3:19  SCV  
  36  3:23  SCV  
  36  3:26  Supply Depot  
  37  3:31  SCV  
  38  3:34  Viking  
  38  3:35  SCV  
  38  3:38  Marine  
  41  3:44  SCV  
  41  3:47  SCV  
  43  3:50  Siege Tank  
  46  3:58  Barracks Tech Lab  
  46  3:59  Barracks  
  46  4:07  SCV x2  
  48  4:11  Supply Depot  
  46  4:29  Siege Tank  
  45  4:32  SCV x2  
  45  4:34  Engineering Bay  
  45  4:36  Stimpack  
  45  4:37  Marine  
  48  4:44  SCV x2  
  50  4:45  Viking  
  52  4:54  Barracks Reactor, Refinery  
  52  4:55  Marine  
  52  4:56  SCV x2  
  52  4:58  Supply Depot  
  50  5:25  Siege Tank  
  50  5:26  Starport Reactor  
  50  5:27  Marine  
  50  5:28  SCV x2  
  56  5:30  Marine x2  
  56  5:34  Command Center  
  58  5:38  Terran Infantry Weapons Level 1  
  58  5:40  Barracks  
  58  5:41  SCV  
  58  5:42  Refinery  
  59  5:43  SCV  
  60  5:54  SCV  
  60  5:55  SCV  
  62  5:58  Supply Depot  
  62  5:59  Marine x3  
  65  6:07  Medivac x2  
  65  6:10  SCV  
  70  6:20  SCV  
  70  6:21  Marine x2, Siege Tank  
  70  6:22  Marine  
  77  6:27  Supply Depot  
  77  6:29  Supply Depot  
  77  6:32  Barracks Reactor  
  77  6:37  SCV  
  78  6:42  SCV  
  75  7:01  Marine x3  
  70  7:02  Siege Tank  
  70  7:03  Medivac x2, SCV x2  
  70  7:04  Orbital Command  
  80  7:09  Marine  
  80  7:10  Marine  
  80  7:14  Supply Depot  
  82  7:20  Marine x3  
  82  7:21  Combat Shields  
  85  7:27  Marine x2  
  87  7:33  Terran Infantry Armor Level 1  
  83  7:39  Orbital Command  
  83  7:42  SCV x2  
  82  7:44  Marine x3  
  82  7:45  Marine  
  82  7:51  Marine  
  86  7:54  SCV x2  
  86  7:57  Siege Tank  
  92  8:01  Medivac  
  92  8:02  Marine x2  
  96  8:06  Medivac  
  96  8:08  Missile Turret, Marine x2, Sensor Tower  
  96  8:09  Missile Turret  
  96  8:11  SCV x2  
  102  8:13  SCV  
  103  8:27  Marine x2  
  103  8:28  Marine x3  
  103  8:30  SCV x3  
  103  8:32  Siege Tank  
  114  8:35  Medivac  
  116  8:52  Marine x3  
  114  9:02  Marine x2  
  95  9:04  Siege Tank  
  95  9:07  Barracks  
  95  9:08  Barracks  
  95  9:09  Marine, Armory  
  98  9:10  Engineering Bay  
  98  9:12  Marine x2  
  98  9:25  Marine  
  98  9:26  Marine  
  98  9:27  SCV x3  
  98  9:30  Refinery  
  103  9:33  Marine x2  
  103  9:34  Factory  
  103  9:36  Command Center  
  96  10:00  Marine x4  
  96  10:01  Barracks Reactor x2  
  96  10:02  Siege Tank  
  96  10:06  Barracks  
  102  10:07  Marine  
  102  10:08  Barracks  
  100  10:17  Marine  
  100  10:18  Marine x3, SCV x3  
  105  10:24  Medivac x2  
  105  10:25  Marine  
  109  10:30  Factory Tech Lab, SCV  
  109  10:35  Marine, Siege Tank  
  112  10:44  Marine  
  112  10:45  Marine x4  
  112  10:47  Marine x3, Refinery  
  120  10:50  Supply Depot x2  
  120  10:53  Marine  
  121  10:57  Terran Infantry Armor Level 2  
  121  10:58  Terran Infantry Weapons Level 2  
  121  11:02  Marine x2  
  123  11:11  Missile Turret  
  123  11:17  Marine x2  
  123  11:18  Marine x5  
  130  11:19  Barracks Reactor  
  130  11:20  Barracks Reactor, Marine x2  
  132  11:29  Missile Turret  
  132  11:35  Marine x2  
  132  11:36  Marine x2, Siege Tank x2  
  132  11:37  Marine  
  143  11:40  Terran Vehicle Weapons Level 1  
  143  11:49  Medivac x2  
  147  11:58  Marine x8  
  147  12:00  Marine  
  155  12:07  Marine x3  
  158  12:11  Supply Depot  
  158  12:22  Marine, Siege Tank x2  
  164  12:33  Marine x6, Medivac  
  172  12:42  Medivac  
  171  12:50  Missile Turret  
  166  12:58  Marine x8  
  165  12:59  Marine  
  165  13:00  Marine  
  165  13:01  Marine  
  165  13:04  Siege Tank  
  157  13:31  Marine x3  
  157  13:32  Marine  
  145  13:34  Marine x4  
  145  13:38  Marine x3, Siege Tank  
  145  13:39  Siege Tank  
Show
View Real Time Build Order
Export as new Build Order

KingRaze Terran 

Build Orders: 1/1/1, MMM Bio, Banshee Rush 

Get SALT Encoding   

  12  0:00  SCV  
  13  0:13  SCV  
  14  0:17  Supply Depot  
  14  0:25  SCV  
  15  0:28  Refinery  
  15  0:38  SCV  
  16  0:46  Barracks  
  16  0:52  SCV  
  17  1:04  SCV  
  18  1:16  SCV  
  19  1:33  Orbital Command  
  19  1:34  Marine, Factory  
  20  1:40  Supply Depot  
  21  1:56  Barracks Tech Lab  
  21  1:58  SCV  
  21  2:01  Refinery  
  21  2:11  SCV  
  22  2:17  Hellion  
  22  2:18  Starport  
  22  2:22  Marine  
  25  2:23  SCV  
  26  2:32  Supply Depot  
  26  2:35  SCV  
  27  2:53  SCV  
  27  2:54  Cloaking Field  
  27  2:57  Banshee  
  31  3:05  SCV  
  32  3:13  Command Center  
  32  3:17  Barracks Reactor, SCV  
  32  3:19  Factory Tech Lab  
  33  3:29  SCV  
  33  3:33  Supply Depot  
  34  3:41  SCV  
  34  3:43  Banshee  
  38  3:53  SCV  
  38  3:55  Marine x2, Siege Tank  
  44  3:59  Supply Depot  
  44  4:05  SCV  
  45  4:13  Barracks  
  45  4:16  Marine x2  
  47  4:21  SCV  
  48  4:27  Orbital Command  
  45  4:32  Siege Tank  
  45  4:33  SCV  
  49  4:42  Viking  
  51  4:47  Viking  
  51  4:50  SCV  
  54  4:53  Marine  
  54  4:54  SCV  
  56  5:02  SCV  
  57  5:08  SCV  
  57  5:10  Barracks Reactor  
  57  5:11  Marine  
  59  5:22  SCV  
  59  5:23  Viking x2  
  59  5:26  SCV  
  59  5:27  Refinery  
  62  5:30  Engineering Bay  
  62  5:31  Supply Depot  
  62  5:34  SCV  
  62  5:35  Marine  
  64  5:38  Stimpack  
  64  5:39  SCV  
  65  5:46  SCV  
  65  5:47  Marine x2  
  65  5:48  Barracks  
  68  5:51  SCV  
  68  5:52  Marine  
  68  5:55  Supply Depot  
  70  5:58  SCV  
  70  6:03  SCV  
  72  6:06  Marine x2  
  72  6:07  Medivac x2  
  78  6:12  Refinery  
  78  6:16  Barracks  
  78  6:17  Barracks, SCV x2  
  80  6:21  Supply Depot  
  80  6:23  Terran Infantry Weapons Level 1  
  80  6:25  Marine  
  80  6:26  Marine x2  
  80  6:29  SCV  
  84  6:48  Barracks Reactor, Marine  
  83  6:58  Marine  
  61  7:04  Barracks Reactor x2  
  61  7:05  Siege Tank  
  64  7:09  Marine  
  64  7:10  SCV x2  
  64  7:14  Command Center, Supply Depot  
  67  7:16  Marine x2  
  69  7:23  Medivac  
  69  7:24  Medivac  
  69  7:27  Marine  
  74  7:34  Marine x2  
  75  7:37  Siege Tank  
  75  7:43  Marine  
  75  7:44  Combat Shields, Marine x6  
  70  7:45  SCV x2  
  78  7:52  Marine  
  78  7:56  Medivac x2  
  78  7:57  Marine, SCV x2  
  86  8:01  Marine x5  
  86  8:02  Supply Depot, Marine x2  
  93  8:11  SCV  
  94  8:15  Siege Tank  
  94  8:16  Marine x2  
  94  8:17  Terran Infantry Armor Level 1  
  94  8:18  SCV  
  94  8:19  Marine x2  
  102  8:24  SCV  
  103  8:27  Orbital Command  
  102  8:39  Marine x5  
  83  8:57  Marine x9  
  59  9:03  SCV x3  
  59  9:14  Marine  
  59  9:15  Marine x8  
  68  9:23  SCV  
  69  9:32  Marine x3  
  69  9:33  Marine x2, SCV  
  69  9:37  SCV  
  77  9:39  Orbital Command  
  77  9:45  Marine x2  
  76  9:46  SCV  
  69  10:01  SCV x2  
  61  10:10  SCV  
  61  10:11  Marine  
  61  10:12  Marine x5  
  61  10:13  SCV x2  
  70  10:19  Armory  
  69  10:22  Engineering Bay  
  69  10:27  Marine  
  69  10:28  SCV  
  69  10:32  SCV x2  
  70  10:40  SCV  
  70  10:43  Marine  
  70  10:44  Marine x6, SCV  
  78  10:53  Medivac  
  78  10:54  Medivac  
  78  10:56  SCV x3  
  85  11:01  Marine x3  
  85  11:02  Marine  
  89  11:08  Sensor Tower  
  89  11:13  Terran Infantry Weapons Level 2  
  89  11:22  SCV  
  90  11:26  Marine x5, Terran Infantry Armor Level 2  
  90  11:30  Marine x4  
  99  11:39  Siege Tank  
  102  11:43  Refinery  
  102  11:45  Refinery  
  102  11:46  Marine x5  
  107  11:52  Supply Depot  
  107  12:01  Medivac x2  
  109  12:03  Factory  
  109  12:04  Marine x2  
  109  12:08  Marine x2  
  114  12:13  Marine x2  
  114  12:15  Terran Vehicle Weapons Level 1  
  117  12:24  Siege Tank  
  117  12:30  Marine  
  117  12:31  Medivac  
  117  12:32  Marine  
  117  12:33  Marine x3  
  124  12:37  Marine  
  124  12:40  Marine  
  123  12:48  Marine  
  123  12:49  Marine  
  116  13:00  Marine x4  
  119  13:07  Siege Tank  
  119  13:08  Factory Tech Lab, Medivac x2, Marine  
  116  13:31  Marine  
  116  13:32  Marine x5  
  95  13:39  Marine  
  95  13:40  Marine  
  80  13:41  Siege Tank  
  80  13:42  Medivac x2, Siege Tank  
  77  14:02  Marine x3  
  73  14:04  Marine  
  72  14:14  Marine  
Tags
 
Add a new tag
Caveats
  • Supply blocks, unpowered buildings, or Contaminate may cause inaccurate times.
  • Supply counts are checked every 10 seconds.